 Dungeon Crawl Stone Soup version 0.28.0 (webtiles) character file.

Game seed: 7918691105102133290

74545 hito the Nimble (level 15, -12/129 HPs)
             Began as an Octopode Transmuter on Feb 8, 2022.
             Was a Follower of Uskayaw.
             Shot with an arrow by a centaur warrior (17 damage)
             ... on level 13 of the Dungeon on Feb 9, 2022.
             The game lasted 02:16:56 (44525 turns).

hito the Nimble (Octopode Transmuter)              Turns: 44525, Time: 02:16:56

Health: -12/129    AC:  9    Str:  9    XL:     15   Next: 47%
Magic:  20/23      EV: 15    Int: 22    God:    Uskayaw [*.....]
Gold:   1390       SH:  0    Dex: 12    Spells: 6/22 levels left

rFire   + + .      SeeInvis +     - Unarmed
rCold   + + +      Faith    +   (shield currently unavailable)
rNeg    . . .      Spirit   .   (helmet currently unavailable)
rPois   +          Reflect  .   t - amulet of faith
rElec   +          Harm     .   k - ring of poison resistance
rCorr   +          Rampage  .   p - ring of protection from fire
Will    +....                   y - ring of flight
Stlth   ++........              P - ring of protection from fire
HPRegen 0.31/turn               T - ring of see invisible
MPRegen 0.18/turn               Q - ring of wizardry
                                (no ring)
                                (no ring)

@: about to teleport, ice-form, resistant, flying
A: freezing attack, boosted hp, almost no armour, amphibious, 8 rings, large,
(camouflage 1), (gelatinous body 1), (nimble swimmer 1), (tentacles), clumsy 1,
mutation resistance 1
a: End Transformation, Renounce Religion, Stomp


You were on level 13 of the Dungeon.
You worshipped Uskayaw.
Uskayaw was aware of your devotion.
You were a creature of crystalline ice.
You visited 6 branches of the dungeon, and saw 24 of its levels.
You also visited: Sewer.

You collected 2388 gold pieces.
You spent 998 gold pieces at shops.

Inventory:

Hand Weapons
 g - the +3 scythe "Meoled" (melded) {vorpal, rPois Str+8 Int+4 Stlth-}
   (You found it on level 5 of the Lair of Beasts)

   It inflicts extra damage upon your enemies.
   Str:       It affects your strength (+8).
   Int:       It affects your intelligence (+4).
   rPois:     It protects you from poison.
   Stlth:     It makes you less stealthy.
Missiles
 a - 5 silver javelins
 b - 491 stones (quivered)
 l - 3 datura-tipped darts
 u - 3 boomerangs of dispersal
 v - 3 curare-tipped darts
 I - 4 throwing nets
Jewellery
 k - a ring of poison resistance (left front paw)
 p - a ring of protection from fire (right front paw)
 t - an amulet of faith (around neck)
 y - a ring of flight (on tentacle)
 P - a ring of protection from fire (on tentacle)
 Q - a ring of wizardry (on tentacle)
 T - a ring of see invisible (on tentacle)
Wands
 f - a wand of mindburst (5)
 o - a wand of paralysis (6)
 r - a wand of acid (5)
 A - a wand of flame (23)
 H - a wand of iceblast (20)
 L - a wand of polymorph (7)
 N - a wand of digging (6)
 O - a wand of charming (1)
Scrolls
 c - 6 scrolls of teleportation
 h - 4 scrolls of blinking
 w - 2 scrolls of fog
 z - 2 scrolls of silence
 B - 3 scrolls of magic mapping
 D - 4 scrolls of enchant armour
 J - a scroll of torment
 M - a scroll of enchant weapon
 R - a scroll of vulnerability
 U - 5 scrolls of amnesia
 W - 3 scrolls of holy word
Potions
 e - a potion of resistance
 i - 4 potions of lignification
 j - 6 potions of might
 m - 7 potions of curing
 n - 3 potions of haste
 q - 3 potions of mutation
 s - 3 potions of flight
 x - 4 potions of cancellation
 C - 4 potions of ambrosia
 E - a potion of attraction
 F - 3 potions of berserk rage
 G - 4 potions of brilliance


   Skills:
 - Level 12.0 Fighting
 - Level 14.0 Dodging
 - Level 4.0 Stealth
 - Level 10.4 Unarmed Combat
 + Level 4.0 Spellcasting
 + Level 11.3 Transmutations
 - Level 2.0 Ice Magic
 + Level 2.7 Earth Magic
 - Level 7.0 Poison Magic
 - Level 11.2 Invocations


You had 6 spell levels left.
You knew the following spells:

 Your Spells              Type           Power      Damage    Failure   Level
a - Passwall              Tmut/Erth      29%        N/A       1%          2
b - Spider Form           Tmut/Pois      44%        N/A       1%          3
c - Ice Form              Ice/Tmut       33%        N/A       2%          4
d - Wereblood             Tmut           53%        N/A       1%          2
e - Alistair's Intoxicat  Tmut/Pois      29%        N/A       2%          5

Your spell library contained the following spells:

 Spells                   Type           Power      Damage    Failure   Level
 Beastly Appendage        Tmut           100%       N/A       1%          1
 Animate Skeleton         Necr           8%         N/A       4%          1
 Pain                     Necr           16%        1d4       4%          1
 Shock                    Conj/Air       16%        1d4       4%          1
 Ensorcelled Hibernation  Hex/Ice        16%        N/A       4%          2
 Swiftness                Air            4%         N/A       13%         3
 Vampiric Draining        Necr           4%         2d6       13%         3
 Eringya's Noxious Bog    Tmut/Pois      22%        N/A       16%         6
 Leda's Liquefaction      Hex/Erth       5%         N/A       26%         4
 Statue Form              Tmut/Erth      23%        N/A       34%         6
 Airstrike                Air            2%         N/A       38%         4
 Lee's Rapid Deconstruct  Erth           8%         3d8*      38%         5
 Borgnjor's Vile Clutch   Necr/Erth      5%         N/A       54%         5


Dungeon Overview and Level Annotations

Branches:
Dungeon (13/15)            Temple (1/1) D:7            Lair (6/6) D:9
 Shoals (1/4) Lair:3        Snake (1/4) Lair:2          Orc (2/2) D:12
    Elf (0/3) Orc:2        Vaults (0/5) D:13          Sewer (visited)
  Slime: Lair:5-6

Altars:
Ashenzari
Cheibriados
Dithmenos
Elyvilon
Fedhas
Gozag
Hepliaklqana
Kikubaaqudgha
Makhleb
Nemelex Xobeh
Okawaru
Qazlal
Ru
Sif Muna
Trog
Uskayaw
Vehumet
Wu Jian
Xom
Yredelemnul
Zin
The Shining One
Beogh

Shops:
D:6 (   D:7 *   D:8 *!   Orc:2 :(?([(

Portals:
Trove: D:12 (give 17 potions of curing)

Annotations:
D:6 exclusion: downstairs
D:7 3 runed translucent doors, exclusion: 2 downstairs, SnakkuSnakku7's ghost, novice HODe; a3don's ghost, novice GrFi; danielguo94's ghost, journeyman GrFi; willcat's ghost, weakling KoDe
D:8 Joseph
D:9 exclusion: 2 downstairs
Lair:3 2 transporters, sirJeffrey23's ghost, journeyman HOFi
Lair:4 exclusion: downstairs
Lair:5 exclusion: downstairs


Innate Abilities, Weirdness & Mutations

You are a creature of crystalline ice.
You have a powerful freezing melee attack.
Your maximum health is increased.
Your armour is entirely melded.
You are incapable of wielding weapons or throwing items.
You cannot wear most types of armour.
You are amphibious.
You can wear up to eight rings at the same time.
((Your skin changes colour to match your surroundings (Stealth+).))
((Your rubbery body absorbs attacks. (AC +1, EV +1)))
((You are camouflaged when in or above water. (Stealth+)))
((You have tentacles for arms and can constrict up to eight enemies at once.))
You are clumsy. (Dex -2)
You are somewhat resistant to further mutation.


Message History

The deep elf pyromancer casts a spell at you.
The sticky flame hits you. You resist.
You are covered in liquid flames!
* * * LOW HITPOINT WARNING * * *
You feel protected.
You are covered in liquid flames!
* * * LOW HITPOINT WARNING * * *
You are no longer on fire.
The deep elf pyromancer hits you with a +2 dagger of speed.
* * * LOW HITPOINT WARNING * * *
The deep elf pyromancer casts a spell at you.
The bolt of fire misses you.
Aiming: Charm
Press: ? - help, Shift-Dir - straight line, f - deep elf pyromancer
Aim: a deep elf pyromancer, wielding a +2 dagger of speed (purple smoke, chance to affect: 31%)
Okay, then.
Unknown command.
Okay, then.
Press: ? - help, v - describe, . - travel
Here: a deep elf pyromancer, wielding a +2 dagger of speed (purple smoke)
The floor.
Your surroundings suddenly seem different.
A centaur warrior, a boulder beetle, a tengu warrior and a kobold demonologist come into view.
Unknown command.
As you read the scroll of teleportation, it crumbles to dust.
You feel strangely unstable.
The centaur warrior wields a +0 shortbow.
The centaur warrior shoots an arrow.
The arrow hits you!
* * * LOW HITPOINT WARNING * * *
Okay, then.
As you read the scroll of fog, it crumbles to dust.
The scroll dissolves into smoke.
A tengu warrior comes into view.
It is wielding a +1 long sword of protection.
Okay, then.
The kobold demonologist shouts!
You hear a shout!
You hear a horrible gurgling sound!
The centaur warrior shoots an arrow.
The arrow hits you.
* * * LOW HITPOINT WARNING * * *
The centaur warrior shoots an arrow.
The arrow hits you!
You die...

#...... Q#....#
#######....>. .#......
#....#####.## #....K..
#............ #.c.....
####............
#......#..#.............
#....#...#.............
#..#§§..#.........#+#)
#§§Y§.#.#######.#.#.
#§§§§.#.#.....#.#.#.
.§#.§..#.#.###.#.#.#.
#....#...#.......#.#.#.
#..... #.B###.#####.#.#.
#...... #####.# #.#.#.
#Q..... #...# #.#.#.
####..######.### #.#.#.
.........# #.#.##


You could see a boulder beetle (asleep), a tengu warrior, a centaur warrior and
a kobold demonologist.

Vanquished Creatures
  A dire elephant (Lair:4)
  Josephine (D:12)
  A merfolk javelineer (Shoals:1)
  A boulder beetle (D:11)
  Erolcha (D:12)
  Harold (D:8)
  2 ogre magi (Orc:2)
  8 hydras
  A catoblepas (Lair:4)
  2 two-headed ogres
  A death knight (D:13)
  A tengu warrior (D:11)
  An orc high priest (D:12)
  Nergalle (D:11)
  5 skeletal warriors
  A sea snake (Shoals:1)
  Pikel (D:8)
  A phantasmal warrior (D:13)
  2 wizards (D:13)
  An orc knight (Orc:2)
  A naga ritualist (Lair:2)
  3 mana vipers (Lair:2)
  A deep elf pyromancer (D:12)
  8 orc sorcerers (Orc:2)
  A cyclops (Orc:2)
  An ugly thing (D:13)
  3 manticores
  6 black mambas
  A naga mage (Snake:1)
  3 elephants (Lair:1)
  A gargoyle (D:13)
  2 torpor snails (Lair:5)
  9 cane toads
  Maggie (D:8)
  An unseen horror (D:11)
  2 rime drakes (Lair:1)
  A freezing wraith (D:13)
  7 komodo dragons
  7 trolls
  A polar bear (Lair:3)
  3 meliai (D:11)
  4 slime creatures
  Prince Ribbit (Lair:1)
  3 dream sheep (Lair:5)
  2 blink frogs (Lair:1)
  Sigmund (D:5)
  A vampire (D:13)
  35 yaks
  2 basilisks
  6 wyverns
  4 steam dragons
  8 wraiths
  A fire elemental (D:12)
  Grum (D:9)
  2 wargs
  4 nagas (Lair:2)
  24 water moccasins
  A swamp drake (Lair:1)
  4 sky beasts
  19 orc warriors
  An ice beast (D:7)
  4 ogres
  9 centaurs
  2 wolves (D:9)
  A lemure (D:8)
  A phantom (D:4)
  9 kobold brigands
  9 bullfrogs
  A scorpion (D:6)
  A water moccasin zombie (D:6)
  A wyvern skeleton (D:5)
  6 killer bees (D:9)
  5 howler monkeys
  2 electric eels
  2 bullfrog zombies
  4 centaur zombies
  A bullfrog skeleton (D:3)
  15 orc priests
  5 hounds
  A jelly (D:6)
  A gnoll shaman (D:7)
  Jessica (D:3)
  2 iguanas
  Natasha (twice) (D:3 D:2)
  39 orc wizards
  4 gnolls (D:7)
  A howler monkey skeleton (D:6)
  27 adders
  8 river rats
  4 white imps
  2 ufetubi (D:6)
  An adder skeleton (D:4)
  A worm (D:6)
  3 dart slugs
  68 orcs
  7 bats
  5 endoplasms
  6 giant cockroaches
  10 goblins
  5 hobgoblins
  11 jackals
  4 quokkas
  7 ball pythons
  6 frilled lizards
  32 kobolds
  29 rats
586 creatures vanquished.

Vanquished Creatures (collateral kills)
  An orc sorcerer (Orc:1)
  An orc warrior (Orc:1)
  An orc priest (Orc:1)
3 creatures vanquished.

Vanquished Creatures (others)
  A steam dragon (D:10)
  3 orc wizards
  An orc (Orc:2)
  2 bushes (Lair:5)
  23 fungi
  45 plants
  2 withered plants (D:7)
77 creatures vanquished.

Grand Total: 666 creatures vanquished

Notes
Turn   | Place    | Note
-------+----------+-------------------------------------------
     0 | D:1      | hito the Octopode Transmuter began the quest for the Orb.
     0 | D:1      | Reached XP level 1. HP: 13/13 MP: 3/3
   219 | D:1      | Reached XP level 2. HP: 18/18 MP: 5/5
   355 | D:1      | You fall into a shaft and drop 1 floor!
  1003 | D:2      | Reached XP level 3. HP: 12/24 MP: 6/6
  1266 | D:1      | Learned a level 3 spell: Spider Form
  2136 | D:2      | Reached skill level 1 in Poison Magic
  2136 | D:2      | Reached XP level 4. HP: 23/30 MP: 7/7
  2235 | D:2      | Found a sparkling altar of Nemelex Xobeh.
  2981 | D:3      | Noticed a bullfrog
  3042 | D:3      | Killed a bullfrog
  3043 | D:3      | Reached XP level 5. HP: 26/36 MP: 5/8
  3229 | D:3      | Noticed Jessica
  3239 | D:3      | Killed Jessica
  3504 | D:3      | Found a faded altar of an unknown god.
  3509 | D:3      | Noticed Natasha
  3561 | D:3      | Killed Natasha
  3634 | D:3      | Reached XP level 6. HP: 34/43 MP: 9/9
  3833 | D:3      | Noticed an ice beast
  3906 | D:3      | Noticed Natasha
  4051 | D:2      | Killed Natasha
  4235 | D:4      | Learned a level 4 spell: Ice Form
  4385 | D:4      | HP: 1/43 [phantom (9)]
  4720 | D:4      | Reached skill level 5 in Transmutations
  4729 | D:4      | Reached XP level 7. HP: 30/48 MP: 8/10
  4843 | D:4      | Learned a level 2 spell: Wereblood
  4855 | D:4      | Found a radiant altar of Vehumet.
  4933 | D:4      | Identified the +4 hand axe of Valiance {protect, Str+8
                  | Dex-2 SInv Stlth-}
  5513 | D:5      | Entered Level 5 of the Dungeon
  5660 | D:5      | Noticed Sigmund
  5679 | D:5      | Killed Sigmund
  6752 | D:5      | Reached XP level 8. HP: 54/54 MP: 8/12
  6878 | D:5      | Identified the +7 falchion "Tuleal" {antimagic, Stlth+}
  7379 | D:6      | Found a glowing drain.
  7397 | Sewer    | Entered a sewer
  7551 | Sewer    | Reached skill level 3 in Dodging
  7682 | Sewer    | Reached skill level 5 in Fighting
  8240 | Sewer    | Reached skill level 4 in Dodging
  8674 | D:6      | Reached XP level 9. HP: 52/62 MP: 10/13
  8695 | D:6      | Found Jegeinuenk's Weapon Shop.
  9180 | D:6      | Reached skill level 1 in Ice Magic
 10218 | D:6      | Found a broken altar of Ashenzari.
 10587 | D:7      | Reached skill level 5 in Dodging
 10911 | D:7      | Found Wasaaseu's Assorted Antiques.
 10922 | D:7      | Bought a scroll of identify for 66 gold pieces
 10984 | D:7      | Found a glowing silver altar of Zin.
 11238 | D:7      | Found a runed translucent gate.
 11239 | D:7      | Found a runed translucent gate.
 11239 | D:7      | Found a runed translucent gate.
 11240 | D:7      | Noticed SnakkuSnakku7's ghost (novice HODe)
 11240 | D:7      | Noticed willcat's ghost (weakling KoDe)
 11240 | D:7      | Noticed a3don's ghost (novice GrFi)
 11240 | D:7      | Noticed danielguo94's ghost (journeyman GrFi)
 11359 | D:7      | Found a staircase to the Ecumenical Temple.
 11607 | Temple   | Entered the Ecumenical Temple
 11670 | Temple   | Became a worshipper of Uskayaw the Reveller
 11695 | D:7      | Reached * piety under Uskayaw
 11700 | D:7      | Reached ** piety under Uskayaw
 11715 | D:7      | Reached *** piety under Uskayaw
 12505 | D:7      | Found a hazy altar of Hepliaklqana.
 12514 | D:7      | Reached skill level 10 in Transmutations
 12514 | D:7      | Reached XP level 10. HP: 69/69 MP: 6/14
 12983 | D:8      | Found an ancient bone altar of Kikubaaqudgha.
 13253 | D:8      | Found Utzeorri's Distillery.
 13256 | D:8      | Noticed Maggie
 13541 | D:8      | Noticed Pikel
 13559 | D:8      | Killed Pikel
 13560 | D:8      | Reached skill level 6 in Dodging
 13655 | D:8      | Found Lotoir's Gadget Gallery.
 13727 | D:8      | Noticed Harold
 13743 | D:8      | Reached **** piety under Uskayaw
 13746 | D:8      | Killed Harold
 13747 | D:8      | Reached skill level 7 in Dodging
 14213 | D:8      | Noticed Joseph
 14359 | D:7      | Reached skill level 1 in Invocations
 14647 | D:8      | Bought a potion of heal wounds for 55 gold pieces
 14647 | D:8      | Bought a potion of attraction for 33 gold pieces
 14647 | D:8      | Bought a potion of heal wounds for 55 gold pieces
 14647 | D:8      | Bought a potion of berserk rage for 55 gold pieces
 14798 | D:8      | Killed Maggie
 15045 | D:8      | Learned a level 2 spell: Passwall
 15055 | D:8      | Found a burning altar of Makhleb.
 15208 | D:8      | Found a bloodstained altar of Trog.
 15558 | D:9      | Reached ***** piety under Uskayaw
 16070 | D:9      | Reached skill level 5 in Unarmed Combat
 16235 | D:9      | Reached skill level 8 in Dodging
 16235 | D:9      | Reached XP level 11. HP: 57/77 MP: 11/15
 16610 | D:9      | Found a staircase to the Lair.
 16899 | D:9      | Noticed Grum
 16927 | D:9      | Killed Grum
 17170 | D:9      | Found a shadowy altar of Dithmenos.
 18053 | D:10     | Entered Level 10 of the Dungeon
 18117 | D:10     | Noticed a skeletal warrior
 18117 | D:10     | Noticed a skeletal warrior
 18137 | Lair:1   | Entered Level 1 of the Lair of Beasts
 18217 | Lair:1   | Reached skill level 5 in Invocations
 18620 | Lair:1   | Reached skill level 9 in Dodging
 18673 | Lair:1   | Noticed Prince Ribbit
 18699 | Lair:1   | Killed Prince Ribbit
 19856 | D:9      | Reached skill level 10 in Dodging
 20464 | Lair:1   | Noticed a six-headed hydra
 20499 | Lair:1   | Killed a six-headed hydra
 20500 | Lair:1   | Reached XP level 12. HP: 42/84 MP: 12/16
 21375 | Lair:1   | Identified the +2 robe "Ceagiph" {+Blink SInv}
 21429 | Lair:1   | Noticed a six-headed hydra
 21969 | D:9      | Killed a six-headed hydra
 22115 | Lair:1   | Noticed a five-headed hydra
 22133 | Lair:1   | Killed a five-headed hydra
 22934 | Lair:2   | Reached skill level 11 in Dodging
 23125 | Lair:2   | Found an ancient bone altar of Kikubaaqudgha.
 23143 | Lair:2   | Learned a level 5 spell: Alistair's Intoxication
 23689 | Lair:2   | Reached skill level 10 in Fighting
 23689 | Lair:2   | Reached skill level 12 in Dodging
 23689 | Lair:2   | Reached XP level 13. HP: 93/93 MP: 18/18
 23761 | Lair:2   | Found a staircase to the Snake Pit.
 24222 | Lair:3   | Found a staircase to the Shoals.
 24439 | Lair:3   | Noticed sirJeffrey23's ghost (journeyman HOFi)
 24445 | Lair:3   | Found a transporter.
 24464 | Lair:3   | Found a transporter.
 27041 | Lair:6   | Entered Level 6 of the Lair of Beasts
 27301 | Lair:5   | Reached XP level 14. HP: 49/99 MP: 13/19
 27886 | Lair:5   | Noticed a dire elephant
 28527 | Lair:4   | Killed a dire elephant
 29006 | Lair:5   | Identified the +5 halberd of Epolomp {vorpal, rPois rCorr
                  | Int-2}
 29121 | Lair:5   | Identified the +3 scythe "Meoled" {vorpal, rPois Str+8
                  | Int+4 Stlth-}
 29659 | D:10     | Found an iron altar of Okawaru.
 32915 | D:11     | Identified the +1 plate armour of Hogo {rElec rCorr Slay+2}
 33082 | D:12     | Noticed Josephine
 33082 | D:12     | Noticed Erolcha
 33082 | D:12     | Found a portal to a secret trove of treasure.
 33091 | D:11     | Reached skill level 10 in Unarmed Combat
 33238 | D:12     | Noticed Nergalle
 33529 | D:11     | Killed Nergalle
 33603 | D:12     | Killed Josephine
 34435 | D:11     | Reached skill level 13 in Dodging
 35407 | Snake:1  | Entered Level 1 of the Snake Pit
 36011 | Lair:2   | Reached skill level 10 in Invocations
 36410 | Snake:1  | Reached skill level 1 in Stealth
 36661 | Lair:2   | Gained mutation: You are clumsy. (Dex -2) [potion of
                  | mutation]
 36661 | Lair:2   | Gained mutation: You are somewhat resistant to further
                  | mutation. [potion of mutation]
 36695 | Shoals:1 | Entered Level 1 of the Shoals
 37306 | D:12     | Killed Erolcha
 37620 | D:12     | Found a staircase to the Orcish Mines.
 37938 | Orc:1    | Entered Level 1 of the Orcish Mines
 38682 | D:12     | Reached XP level 15. HP: 95/108 MP: 18/22
 39505 | Orc:2    | Entered Level 2 of the Orcish Mines
 39834 | Orc:2    | Found Pearhaun's Antique Weapon Boutique.
 39854 | Orc:2    | Found a staircase to the Elven Halls.
 40014 | Orc:2    | Found Bopt's Antique Weapon Shop.
 40420 | Orc:2    | HP: 2/108 [cyclops/large rock (26)]
 41927 | Orc:2    | Found Etzuhemu's Antique Armour Boutique.
 41956 | Orc:2    | Found Qovu's Antique Weapon Shop.
 42001 | Orc:2    | Found a radiant altar of Vehumet.
 42009 | Orc:2    | Paralysed by an ogre mage for 4 turns
 42102 | Orc:2    | Found Yffy Gad's Magic Scroll Shop.
 42127 | Orc:2    | Paralysed by an orc sorcerer for 3 turns
 42282 | Orc:2    | Bought a scroll of blinking for 105 gold pieces
 42282 | Orc:2    | Bought a scroll of blinking for 105 gold pieces
 42282 | Orc:2    | Bought a scroll of fog for 28 gold pieces
 42282 | Orc:2    | Bought a scroll of fog for 28 gold pieces
 42287 | Orc:2    | Found an ancient bone altar of Kikubaaqudgha.
 42323 | Orc:2    | Paralysed by an orc sorcerer for 4 turns
 42327 | Orc:2    | HP: 2/103 [chaos spawn[an orc sorcerer] (7)]
 42699 | Orc:2    | Found Ulupn's Book Boutique.
 42873 | Orc:2    | Bought a book of the Earth for 468 gold pieces
 43157 | D:13     | Reached skill level 14 in Dodging
 43262 | D:13     | Reached skill level 1 in Earth Magic
 43651 | D:13     | Found a gate to the Vaults.
 44523 | D:13     | HP: 6/129 [centaur warrior/arrow (12)]
 44525 | D:13     | Shot with an arrow by a centaur warrior

Illustrated notes

Levels and vault maps discovered:
D:1:      mainiacjoe_arrival_reflecting_pool, layout_loops_ring,
          minmay_quantized
D:2:      layout_basic, basic_altar
D:3:      minmay_razor_zed, layout_rooms, ebering_ecumenical_altar_webs,
          nrook_loot_triangle, hex_tiny, kennysheep_generic_room_5,
          uniq_natasha, uniq_jessica
D:4:      layout_basic, nicolae_vehumet_radiance
D:5:      layout_basic, nicolae_concentric_dashed_squares_wild, uniq_sigmund
D:6:      cheibrodos_steamvent, layout_cave_pods, mainiacjoe_overflow_catwalk,
          serial_shops, nicolae_shop_crystal, portal_sewer_entry_b,
          minmay_fractal_squares_diagonal_5
D:7:      layout_loops_corners, mainiacjoe_overflow_24_doors,
          lemuel_crystal_altar, minmay_temple_entry_waves,
          gammafunk_ghost_cemetery, serial_shops, shop
D:8:      layout_loops_corners, mainiacjoe_overflow_small_starburst,
          mainiacjoe_overflow_catwalk_spiral, serial_glass, glass_columns_a,
          glass_columns_a, glass_columns_b, glass_columns_b, glass_columns_a,
          glass_columns_b, serial_shops, nicolae_shop_waterfront,
          nicolae_shop_gadgets, uniq_joseph, uniq_harold, uniq_pikel,
          uniq_maggie
D:9:      layout_stronghold, nicolae_dithmenos_the_darkroom, dpeg_oklobed_lair,
          uniq_grum
D:10:     layout_small_grid, mainiacjoe_overflow_boulevard, serial_rivers,
          chequers_serial_rivers_micro_d, chequers_serial_rivers_large_a,
          chequers_serial_rivers_room_b, chequers_serial_rivers_micro_e
D:11:     layout_irregular_city, minmay_misc_feat_rows, minivault_27
D:12:     layout_big_octagon, orc_0_dummy, enter_trove_1, drop_trap,
          uniq_josephine, uniq_erolcha, uniq_nergalle
D:13:     minmay_big_diamond_grid, layout_basic, david_vaults_1
Temple:   cyrus_circular_temple
Lair:1:   lemuel_reptile_caves, layout_chaotic_city, st_stairs_10,
          uniq_prince_ribbit2
Lair:2:   layout_regular_city, minmay_snake_entry_guardpost_small, basic_altar
Lair:3:   layout_regular_city, minmay_shoals_entry_centaurs,
          gammafunk_ghost_arena
Lair:4:   layout_cave_pods, minivault_11
Lair:5:   layout_cave_pods, nicolae_lair_grazing_beasts
          [nicolae_sub_lair_graze_edge, nicolae_sub_lair_graze_edge,
          nicolae_sub_lair_graze_edge, nicolae_sub_lair_graze_edge],
          infiniplex_staircase_pool
Lair:6:   gammafunk_lair_ancient_temple, layout_misc_corridors, slime_altar_2
Shoals:1: layout_shoals, serial_shops, nicolae_shop_hallway_plus
Snake:1:  layout_gridlike, portal_ice_cave_entry_pillars_four
Orc:1:    layout_caves, basic_altar
Orc:2:    kennysheep_orc_mage_school, layout_caves, serial_shops,
          nicolae_shop_stone, shop, special_room

Skill      XL: |  1  2  3  4  5  6  7  8  9 10 11 12 13 14 15 |
---------------+----------------------------------------------+-----
Fighting       | 2 3 4 5 6 8 10 11 12 | 12.0
Transmutations | 3 4 5 7 8 10 11 | 11.3
Poison Magic   | 1 2 3 6 7 |  7.0
Spellcasting   | 3 4 |  4.0
Dodging        | 4 5 8 10 12 13 14 | 14.0
Ice Magic      | 2 |  2.0
Unarmed Combat | 4 5 8 10 | 10.4
Invocations    | 3 5 7 10 11 | 11.2
Stealth        | 3 4 |  4.0
Earth Magic    | 2 |  2.7

Action                   |  1- 3 |  4- 6 |  7- 9 | 10-12 | 13-15 || total
-------------------------+-------+-------+-------+-------+-------++-------
Melee: Unarmed           |    92 |    64 |   386 |   586 |   906 ||  2034
       Constrict         |    25 |    21 |    21 |     1 |       ||    68
       Kick              |    18 |     8 |       |       |       ||    26
       Tentacles         |    12 |    18 |    12 |       |     3 ||    45
       Punch             |     7 |     2 |     3 |       |       ||    12
       Dagger            |       |   102 |     2 |       |       ||   104
       Hand axe          |       |       |    78 |     1 |       ||    79
       Scythe            |       |       |       |       |     7 ||     7
 Cast: Beastly Appendage |    18 |     5 |       |       |       ||    23
       Spider Form       |       |     7 |    42 |    31 |    65 ||   145
       Ice Form          |       |       |     3 |    36 |    49 ||    88
       Wereblood         |       |       |     2 |       |     3 ||     5
       Passwall          |       |       |       |       |     1 ||     1
Invok: Stomp             |       |       |     3 |    20 |    39 ||    62
       Line Pass         |       |       |       |     4 |    10 ||    14
 Abil: End Transformatio |       |       |       |     1 |       ||     1
Evoke: Wand              |       |       |       |     4 |    13 ||    17
  Use: Scroll            |       |     4 |     7 |     5 |    23 ||    39
       Potion            |       |     2 |     2 |     2 |    15 ||    21
 Stab: Sleeping          |     5 |     5 |       |     1 |     3 ||    14
       Paralysed         |       |       |     1 |    41 |    44 ||    86
       Confused          |       |       |       |     1 |     2 ||     3
Armor: Skin              |     6 |    57 |    50 |    90 |   114 ||   317
Dodge: Dodged            |    53 |    96 |   362 |   426 |  1025 ||  1962
